 Dungeon Crawl Stone Soup version 0.25.1-2-g60ff931df9 (webtiles) character file.

Game seed: 7737312073927125850

135 JarielCorvus the Magician (level 4, -6/24 HPs)
             Began as a Deep Elf Wizard on Aug 27, 2020.
             Mangled by a gnoll
             ... wielding a cursed +0 halberd
              (8 damage)
             ... on level 2 of the Dungeon.
             The game lasted 00:04:38 (1820 turns).

JarielCorvus the Magician (Deep Elf Wizard)         Turns: 1820, Time: 00:04:39

Health: -6/24      AC:  2    Str:  5    XL:     4   Next: 97%
Magic:  4/14       EV: 13    Int: 23    God:
Gold:   32         SH:  0    Dex: 13    Spells: 3/16 levels left

rFire    . . .     SeeInvis .   (no weapon)
rCold    . . .     Gourm    .   (no shield)
rNeg     . . .     Faith    .   a - +0 robe
rPois    .         Spirit   .   b - +0 hat
rElec    .         Reflect  .   (no cloak)
rCorr    .         Harm     .   (no gloves)
MR       .....                  (no boots)
Stlth    ++........             (no amulet)
HPRegen  0.08/turn              (no ring)
MPRegen  0.14/turn              (no ring)

@: hasted, very quick
A: no striking features
a: no special abilities


You were on level 2 of the Dungeon.
You were hungry.

You visited 1 branch of the dungeon, and saw 2 of its levels.

You collected 32 gold pieces.

Inventory:

Hand Weapons
 j - a +1 dagger of speed
Armour
 a - a +0 robe (worn)
 b - a +0 hat (worn)
Scrolls
 l - a scroll of remove curse {unknown}
Potions
 c - a potion of mutation
 e - 2 potions of ambrosia
 f - a potion of invisibility
 h - a potion of degeneration {unknown}
 k - a potion of stabbing {unknown}
Comestibles
 d - 2 rations


   Skills:
 - Level 2.4 Dodging
 - Level 2.4 Stealth
 * Level 6.8 Spellcasting
 + Level 3.1 Conjurations
 - Level 1.1 Summonings
 - Level 1.1 Translocations


You had 3 spell levels left.
You knew the following spells:

 Your Spells              Type           Power        Failure   Level  Hunger
a - Magic Dart            Conj           ###.         2%          1    None
b - Blink                 Tloc           N/A          8%          2    None
c - Call Imp              Summ           ##......     8%          2    None
d - Slow                  Hex            #.......     12%         2    None
e - Conjure Flame         Conj/Fire      ###.....     12%         3    None
f - Mephitic Cloud        Conj/Pois/Air  ##......     16%         3    None

Your spell library contained the following spells:

 Spells                   Type           Power        Failure   Level  Hunger


Dungeon Overview and Level Annotations

Branches:
Dungeon (2/15)

Altars:


Message History

Aiming: Magic Dart (safe; 2% risk of failure)
Press: ? - help, Shift-Dir - straight line, f/p - gnoll
Aim: a gnoll, wielding a +0 club (severely wounded)
The magic dart hits the gnoll but does no damage.
The gnoll is severely wounded.
The gnoll hits you from afar with a cursed +0 halberd!
The gnoll hits you with a +0 club!
* * * LOW HITPOINT WARNING * * *
Casting: Magic Dart (safe; 2% risk of failure)
Confirm with . or Enter, or press ? or * to list all spells.
Aiming: Magic Dart (safe; 2% risk of failure)
Press: ? - help, Shift-Dir - straight line, f/p - gnoll
Aim: a gnoll, wielding a +0 club (severely wounded)
The magic dart hits the gnoll.
You kill the gnoll!
The gnoll closely misses you.
Okay, then.
You feel yourself speed up.
The gnoll hits you with a cursed +0 halberd!
You die...

#...##....###
#...........#
#.#.##....#.# #####
#.#.#####.#.# #.>.#
#.#.......#.#
#...###.######.##.###
#...'........#....... #...
#..g########.#...)..#
#...#
###.@.)....#.###...†#
#...# #....#..##..).....#
####...#
#.##.....####.....#
#......## #>#####..#
#......
#.......####.........#
#.....#
#.......#....#.###...#
#.#.g.# #..)###..#.###...#
#.#.#.#
#.÷.'............###g#.#.g
#...#######.###....#'#.###


You could see a gnoll.

Vanquished Creatures
  Natasha (twice) (D:2)
  3 gnolls (D:2)
  An adder (D:2)
  3 dart slugs (D:1)
  A giant cockroach (D:1)
  6 goblins
  8 hobgoblins
  A jackal (D:1)
  4 kobolds (D:1)
  A ball python (D:1)
  6 bats
  3 frilled lizards
  6 rats
45 creatures vanquished.

Notes
Turn   | Place    | Note
-------+----------+-------------------------------------------
     0 | D:1      | JarielCorvus the Deep Elf Wizard began the quest for the
                  | Orb.
     0 | D:1      | Reached XP level 1. HP: 10/10 MP: 7/7
   313 | D:1      | Reached XP level 2. HP: 15/15 MP: 7/9
   314 | D:1      | Reached skill level 5 in Spellcasting
  1101 | D:1      | Reached XP level 3. HP: 19/19 MP: 7/11
  1187 | D:1      | Learned a level 2 spell: Blink
  1190 | D:1      | Learned a level 2 spell: Call Imp
  1193 | D:1      | Learned a level 2 spell: Slow
  1197 | D:1      | Learned a level 3 spell: Conjure Flame
  1201 | D:1      | Learned a level 3 spell: Mephitic Cloud
  1452 | D:2      | Noticed Natasha
  1457 | D:2      | Killed Natasha
  1457 | D:2      | Reached skill level 6 in Spellcasting
  1535 | D:2      | Reached XP level 4. HP: 24/24 MP: 10/14
  1706 | D:2      | Noticed Natasha
  1715 | D:2      | Killed Natasha
  1820 | D:2      | Mangled by a gnoll

Illustrated notes

Levels and vault maps discovered:
D:1:      dpeg_arrival_tiny_g, layout_basic, minmay_tree_intersection,
          minmay_distorted
D:2:      layout_basic, serial_undead, serial_undead_d, serial_undead_f,
          serial_undead_f, serial_undead_c, minmay_rat_gold_closets,
          uniq_natasha

Skill      XL: |  1  2  3  4 |
---------------+-------------+-----
Spellcasting   | 5 6 |  6.8
Conjurations   | 2 3 |  3.1
Dodging        | |  2.4
Stealth        | |  2.4
Summonings     | |  1.1
Translocations | |  1.1

Action                   |  1- 3 |  4- 6 || total
-------------------------+-------+-------++-------
 Cast: Magic Dart        |    81 |    33 ||   114
       Conjure Flame     |       |     1 ||     1
  Use: Scroll            |     5 |       ||     5
       Potion            |       |     1 ||     1
  Eat: Chunk             |     2 |       ||     2
Dodge: Dodged            |    10 |     3 ||    13
